 Dungeon Crawl Stone Soup version 0.24.0-29-g8ce449bc06 (webtiles) character file.

Game seed: 3908014050475760303, levelgen mode: deterministic

101355 Flugslaktarn the Severer (level 15, 0/142 HPs)
             Began as a Deep Dwarf Fighter on Nov 14, 2019.
             Was the Champion of Makhleb.
             Shot with a bolt by a naga sharpshooter (6 damage)
             ... on level 4 of the Snake Pit.
             The game lasted 00:16:50 (17366 turns).

Flugslaktarn the Severer (Deep Dwarf Fighter)      Turns: 17366, Time: 00:16:51

Health: 0/142      AC: 21    Str: 27    XL:     15   Next: 83%
Magic:  9/9        EV:  9    Int:  8    God:    Makhleb [******]
Gold:   246        SH: 15    Dex: 12    Spells: 14/14 levels left

rFire    + . .     SeeInvis .   w - +3 broad axe (drain)
rCold    + + .     Gourm    .   J - +2 shield
rNeg     + + .     Faith    .   Q - +1 plate armour {rC+}
rPois    +         Spirit   .   T - -2 hat of the Alchemist {rElec rPois rF+ rC+ rN+ MR+ rMut rCorr}
rElec    +         Reflect  .   j - +0 cloak
rCorr    +         Harm     .   m - +0 pair of gloves
rMut     +                      O - +1 pair of boots
MR       +++..                  R - amulet of rage
Stlth    ..........             p - +1 ring of protection
HPRegen  0.00/turn              v - +2 ring of evasion
MPRegen  0.11/turn

@: lethally poisoned (0 -> -12), non-regenerating, constricted
A: damage resistance, heal wounds, negative energy resistance 1, sense
surroundings 2, no regeneration
a: Heal Wounds, Minor Destruction, Lesser Servant of Makhleb, Major Destruction,
Greater Servant of Makhleb, Renounce Religion, Evoke Berserk Rage


You were on level 4 of the Snake Pit.
You worshipped Makhleb.
Makhleb was exalted by your worship.
You were not hungry.

You visited 5 branches of the dungeon, and saw 27 of its levels.
You also visited: Gauntlet.

You collected 1992 gold pieces.
You spent 1746 gold pieces at shops.

Inventory:

Hand Weapons
 w - a +3 broad axe of draining (weapon)
   (You took it off Vashnia on level 3 of the Snake Pit)
Missiles
 K - 4 throwing nets (quivered)
Armour
 j - a +0 cloak (worn)
   (You found it on level 4 of the Dungeon)
 k - a scarf of cloud immunity
   (You found it in a Gauntlet)
 m - a +0 pair of gloves (worn)
   (You found it on level 3 of the Dungeon)
 J - a +2 shield (worn)
   (You found it on level 1 of the Lair of Beasts)
 O - a +1 pair of boots (worn)
   (You found it on level 2 of the Lair of Beasts)
 Q - a +1 plate armour of cold resistance (worn)
   (You took it off a minotaur in a Gauntlet)
 T - the -2 hat of the Alchemist (worn) {rElec rPois rF+ rC+ rN+ MR+ rMut rCorr}
   (You bought it in a shop on level 2 of the Orcish Mines)

   It protects you from fire.
   It protects you from cold.
   It insulates you from electricity.
   It protects you from poison.
   It protects you from negative energy.
   It affects your resistance to hostile enchantments.
   It provides partial protection from all sources of acid and corrosion.
   It protects you from mutation.
Jewellery
 p - a +1 ring of protection (left hand)
   (You took it off a minotaur in a Gauntlet)
 v - a +2 ring of evasion (right hand)
   (You found it on level 7 of the Dungeon)
 N - the ring of Thoughtfulness {Ice *Contam rN++ Dex+6}
   (You found it in a Gauntlet)

   [ring of ice]

   It enhances your ice magic.
   It affects your dexterity (+6).
   It makes you vulnerable to fire.
   It protects you from cold.
   It greatly protects you from negative energy.
   It causes magical contamination when unequipped.
 R - an amulet of rage (around neck)
   (You found it in a Gauntlet)
Wands
 o - a wand of scattershot (3)
   (You took it off a naga sharpshooter on level 4 of the Snake Pit)
 B - a wand of digging (4)
   (You took it off Sigmund on level 6 of the Dungeon)
 F - a wand of acid (17)
   (You found it on level 8 of the Dungeon)
 L - a wand of paralysis (15)
   (You found it on level 6 of the Lair of Beasts)
Scrolls
 b - a scroll of summoning
 f - 11 scrolls of remove curse
 g - a scroll of holy word
 i - 3 scrolls of immolation
 l - 5 scrolls of enchant armour
 r - 3 scrolls of identify
 t - 5 scrolls of teleportation
 y - a scroll of fog
 z - 3 scrolls of blinking
 D - 2 scrolls of brand weapon
 H - a scroll of fear
Potions
 d - 5 potions of might
 h - a potion of haste
 n - 2 potions of resistance
 q - 7 potions of curing
 s - 5 potions of agility
 u - a potion of mutation {unknown}
 x - 4 potions of invisibility
 A - 2 potions of flight
 C - 2 potions of brilliance
 E - 2 potions of magic
 I - a potion of ambrosia {unknown}
 M - a potion of cancellation {unknown}
 V - 2 potions of berserk rage
 X - 3 potions of lignification
Miscellaneous
 c - a lamp of fire
   (You found it on level 1 of the Lair of Beasts)
 G - a phial of floods
   (You found it on level 3 of the Lair of Beasts)
Comestibles
 a - 4 chunks of flesh
 e - 32 rations


   Skills:
 + Level 11.4 Fighting
 - Level 16.5 Axes
 + Level 13.3 Armour
 + Level 5.0 Dodging
 - Level 12.4 Shields
 + Level 14.6 Invocations
 + Level 6.0 Evocations


You had 14 spell levels left.
You didn't know any spells.
Your spell library was empty.

Dungeon Overview and Level Annotations

Branches:
Dungeon (14/15)            Temple (1/1) D:4            Lair (6/6) D:11
 Shoals (0/4) Lair:2        Snake (4/4) Lair:3        Slime (0/5) Lair:6
    Orc (2/2) D:12            Elf (0/3) Orc:2        Vaults (0/5) D:13
Gauntlet (visited)

Altars:
Ashenzari
Cheibriados
Elyvilon
Fedhas
Hepliaklqana
Kikubaaqudgha
Makhleb
Qazlal
Sif Muna
Uskayaw
Vehumet
Xom
Zin
The Shining One
Beogh

Shops:
D:6 *   D:7 :   D:9 =   D:12 (   Orc:2 *?*[

Annotations:
D:9 1 runed translucent door, Munkuar's ghost, novice MiBe
D:11 1 runed translucent door
Lair:2 1 runed translucent door, Kotami's ghost, journeyman OpFi
Lair:3 exclusion: 2 oklob plants


Innate Abilities, Weirdness & Mutations

You are resistant to damage.
You can heal yourself by infusing magical energy.
You resist negative energy. (rN+)
You passively map the area around you.
You do not regenerate.


Message History

The naga sharpshooter mumbles some strange words.
The naga sharpshooter magically shoots a bolt.
The bolt hits you!!
* * * LOW HITPOINT WARNING * * *
The naga mage hits you but does no damage.
The nagaraja hits you from afar with a +0 halberd!!
* * * LOW HITPOINT WARNING * * *
Blink to where?
Press: ? - help, Dir - move target cursor The naga warrior's grasp on you weakens, but your attempt to escape fails.
As you read the scroll of blinking, it crumbles to dust.
* * * LOW HITPOINT WARNING * * *
You feel sick. You block the black mamba's attack.
The naga warrior hits you but does no damage.
* * * LOW HITPOINT WARNING * * *
The naga warrior constricts you.
The naga sharpshooter mumbles some strange words.
The naga sharpshooter magically shoots a bolt.
The bolt hits you!
You die...

,,* , ,, , , , * , , #. ,
, ......#...... , #. , ,
#....#....... , , #.
..#....N...N ,. , #. , ,
#....NNN..###.. ,, *#. ,
##...NNNNNN...# , #.
#....NNNNNN...# , #. ,
#.....NSNN)#..# , * #.
#....NN@)NN...# ,, #. *
#.....N.N.....# * #. *
#.......(.....# * #. *
###...##..†############)
.........((...........) ,
,.........).)......####..
,
##...............##..##.
* *
####.....###....#....#.
*, +....## ##...###..#.


You could see 3 naga warriors, a nagaraja, 4 naga sharpshooters, 2 naga
ritualists, a black mamba, 11 naga magi and 5 nagas.

Vanquished Creatures
  Vashnia (Snake:3)
  A nagaraja (Snake:4)
  An orc warlord (Orc:1)
  A minotaur (Gauntlet)
  A death ooze (Gauntlet)
  Harold (D:10)
  A yaktaur captain (D:13)
  2 hydras
  4 naga warriors
  5 two-headed ogres
  Erica (D:10)
  A centaur warrior (D:13)
  2 anacondas (Snake:3)
  3 orc high priests
  9 death yaks
  A tengu warrior (D:13)
  3 shock serpents
  10 naga sharpshooters
  Urug (D:11)
  A salamander mystic (Snake:4)
  3 naga ritualists
  A wolf spider zombie (D:13)
  A wizard (Gauntlet)
  4 orc knights (Orc:2)
  A deep elf mage (D:13)
  A mana viper (Snake:3)
  4 orc sorcerers (Orc:2)
  A wolf spider (Lair:6)
  An ugly thing (D:11)
  A manticore (D:13)
  A cyclops (Orc:2)
  6 salamanders
  24 black mambas
  5 guardian serpents
  9 naga magi
  A minotaur zombie (Gauntlet)
  16 spiny frogs
  2 centaur skeletons
  An efreet (D:14)
  A rime drake (Lair:4)
  10 komodo dragons
  2 yaktaurs (D:13)
  2 trolls
  4 blink frogs
  4 hornets
  Prince Ribbit (D:8)
  9 hippogriffs
  4 dream sheep (Lair:5)
  Sigmund (D:6)
  30 yaks
  3 shadows (Gauntlet)
  A vampire (D:13)
  2 wraiths
  9 wyverns
  3 redbacks (Lair:6)
  Grum (D:11)
  2 hungry ghosts (D:13)
  3 basilisks
  Menkaure (D:6)
  2 wargs (Orc:1)
  3 vampire mosquitoes (D:13)
  17 nagas
  26 water moccasins
  7 sky beasts
  11 porcupines
  23 orc warriors
  5 ice beasts
  A hornet zombie (D:13)
  A black bear (D:6)
  An eye of draining (D:13)
  7 ogres
  2 necrophages
  15 wolves
  8 centaurs
  10 crocodiles
  16 bullfrogs
  A wyvern skeleton (D:13)
  4 scorpions
  4 wights (D:12)
  2 electric eels
  A howler monkey (D:5)
  7 crimson imps
  2 centaur zombies
  2 bullfrog zombies
  2 quasits
  4 hounds
  A jelly (D:9)
  9 orc priests
  3 bullfrog skeletons
  2 iguanas
  21 orc wizards
  7 worker ants
  2 hound skeletons
  8 adders
  7 gnolls
  4 shadow imps
  3 white imps (Gauntlet)
  An adder skeleton (D:7)
  An adder zombie (D:9)
  A dart slug (D:4)
  5 leopard geckos
  77 orcs
  4 giant cockroaches
  6 goblins
  6 hobgoblins
  11 jackals
  5 kobolds
  9 quokkas
  3 bats
  2 frilled lizards
  2 quokka skeletons (D:5)
  A rat (D:2)
  5 fungi
  7 plants
623 creatures vanquished.

Vanquished Creatures (collateral kills)
  A nagaraja (Snake:4)
  Snorg (Lair:4)
  A naga warrior (Snake:4)
  3 hydras
  A shock serpent (Snake:4)
  A naga sharpshooter (Snake:4)
  An orc high priest (Orc:2)
  A naga ritualist (Snake:4)
  An orc knight (Orc:2)
  An ugly thing (D:13)
  2 naga magi (Snake:4)
  2 spiny frogs (Lair:6)
  A rime drake (Lair:2)
  A wyvern (Lair:6)
  2 yaks (Lair:6)
  2 nagas (Snake:4)
  An orc wizard (Orc:2)
23 creatures vanquished.

Vanquished Creatures (others)
  A wizard (Gauntlet)
  3 fungi
  8 plants
12 creatures vanquished.

Grand Total: 658 creatures vanquished

Notes
Turn   | Place    | Note
-------+----------+-------------------------------------------
     0 | D:1      | Flugslaktarn the Deep Dwarf Fighter began the quest for the
                  | Orb.
     0 | D:1      | Reached XP level 1. HP: 20/20 MP: 1/1
   122 | D:2      | Reached XP level 2. HP: 27/27 MP: 2/2
   240 | D:2      | Reached skill level 3 in Axes
   240 | D:2      | Reached XP level 3. HP: 24/33 MP: 3/3
   684 | D:3      | Reached XP level 4. HP: 42/42 MP: 2/2
  1131 | D:4      | Reached skill level 4 in Axes
  1131 | D:4      | Reached XP level 5. HP: 44/49 MP: 3/3
  1310 | D:4      | Found a staircase to the Ecumenical Temple.
  1315 | D:4      | Reached XP level 6. HP: 50/56 MP: 3/3
  1319 | Temple   | Entered the Ecumenical Temple
  1339 | Temple   | Became a worshipper of Makhleb the Destroyer
  1414 | D:4      | Reached skill level 1 in Invocations
  1523 | D:4      | Reached skill level 5 in Axes
  1664 | D:5      | Entered Level 5 of the Dungeon
  1791 | D:5      | Reached XP level 7. HP: 39/63 MP: 5/5
  1835 | D:5      | Found Plog's Assorted Antiques.
  1911 | D:5      | Reached skill level 5 in Armour
  1911 | D:5      | Reached skill level 5 in Shields
  2024 | D:5      | Reached skill level 6 in Axes
  2048 | D:5      | Noticed a yak
  2048 | D:5      | Noticed a yak
  2049 | D:5      | Noticed a yak
  2049 | D:5      | Noticed a yak
  2049 | D:5      | Noticed a yak
  2066 | D:5      | Killed a yak
  2084 | D:5      | Killed a yak
  2084 | D:5      | Reached XP level 8. HP: 73/73 MP: 7/7
  2095 | D:5      | Reached skill level 7 in Axes
  2109 | D:5      | Reached * piety under Makhleb
  2157 | D:5      | Reached skill level 5 in Fighting
  2302 | D:5      | Reached skill level 5 in Invocations
  2514 | D:6      | Noticed Menkaure
  2522 | D:6      | Killed Menkaure
  2522 | D:6      | Reached skill level 8 in Axes
  2522 | D:6      | Gained mutation: You passively map the area around you.
                  | [Deep Dwarf growth]
  2522 | D:6      | Reached XP level 9. HP: 59/81 MP: 7/7
  2608 | D:6      | Got a spiked ring mail
  2619 | D:6      | Identified the +0 ring mail of Mysticism {rCorr Str+5} (You
                  | found it on level 6 of the Dungeon)
  2730 | D:6      | Found Jiet's General Store.
  2738 | D:6      | Bought a scroll of fog for 22 gold pieces
  2794 | D:6      | Noticed Sigmund
  2795 | D:6      | Reached ** piety under Makhleb
  2804 | D:6      | Killed Sigmund
  3099 | D:7      | Reached skill level 9 in Axes
  3207 | D:7      | Found Mopnapne's Book Emporium.
  3364 | D:7      | Identified the +4 dagger of Disintegration {drain, rElec
                  | MR+ Str+4}
  3844 | D:8      | Reached *** piety under Makhleb
  3985 | D:8      | Noticed Prince Ribbit
  3991 | D:8      | Killed Prince Ribbit
  3991 | D:8      | Reached XP level 10. HP: 59/91 MP: 9/9
  4347 | D:8      | Reached skill level 10 in Axes
  4457 | D:8      | Noticed a two-headed ogre
  4470 | D:8      | Killed a two-headed ogre
  5018 | D:9      | Found Saetwog's Jewellery Shoppe.
  5155 | D:9      | Found a runed translucent door.
  5155 | D:9      | Found a shimmering altar of Xom.
  5155 | D:9      | Noticed Munkuar's ghost (novice MiBe)
  5157 | D:9      | Noticed a +1 scimitar of chaos
  5180 | D:9      | Found a shattered altar of Ashenzari.
  5419 | D:10     | Entered Level 10 of the Dungeon
  5541 | D:10     | Noticed Harold
  5556 | D:10     | Killed Harold
  5617 | D:10     | Reached **** piety under Makhleb
  5732 | D:10     | Found a hide-covered altar of Uskayaw.
  5734 | D:10     | Noticed Erica
  5743 | D:10     | Killed Erica
  5743 | D:10     | Reached skill level 11 in Axes
  5743 | D:10     | Reached XP level 11. HP: 74/99 MP: 11/11
  5790 | D:10     | You fall into a shaft and drop 2 floors!
  5790 | D:12     | Found a staircase to the Orcish Mines.
  5790 | D:12     | Found Ittupriep's Weapon Boutique.
  5820 | Orc:1    | Entered Level 1 of the Orcish Mines
  5925 | Orc:1    | Noticed an orc high priest
  5946 | Orc:1    | Killed an orc high priest
  6068 | Orc:1    | Noticed an orc warlord
  6096 | Orc:1    | Killed an orc warlord
  6729 | D:12     | Noticed a two-headed ogre
  6743 | D:12     | Killed a two-headed ogre
  6801 | D:12     | Reached skill level 12 in Axes
  6896 | D:11     | Found a runed translucent door.
  6896 | D:11     | Noticed a sixfirhy
  6953 | D:11     | Noticed a death yak
  6953 | D:11     | Noticed a death yak
  6953 | D:11     | Noticed a death yak
  6954 | D:11     | Found a staircase to the Lair.
  6959 | D:11     | Noticed a two-headed ogre
  6978 | D:11     | Killed a death yak
  6980 | D:11     | Killed a death yak
  6987 | D:11     | Killed a death yak
  6991 | D:11     | Reached ***** piety under Makhleb
  6999 | D:11     | Killed a two-headed ogre
  7007 | D:11     | Noticed Grum
  7022 | D:11     | Reached XP level 12. HP: 90/110 MP: 13/13
  7029 | D:11     | Killed Grum
  7094 | D:11     | Reached skill level 10 in Invocations
  7290 | Lair:1   | Entered Level 1 of the Lair of Beasts
  7521 | Lair:1   | Reached skill level 13 in Axes
  7575 | Lair:1   | Reached skill level 10 in Armour
  7634 | Lair:1   | Reached skill level 10 in Shields
  8614 | Lair:2   | Noticed a seven-headed hydra
  8633 | Lair:2   | Killed an 11-headed hydra
  8657 | Lair:2   | Noticed a seven-headed hydra
  8668 | Lair:2   | Killed a seven-headed hydra
  8756 | Lair:2   | Found a runed translucent door.
  8756 | Lair:2   | Found a shimmering altar of Xom.
  8756 | Lair:2   | Noticed Kotami's ghost (journeyman OpFi)
  9278 | Lair:2   | Found a staircase to the Shoals.
  9826 | Lair:3   | Reached XP level 13. HP: 93/120 MP: 12/12
  9880 | Lair:3   | Found a staircase to the Snake Pit.
 10022 | Lair:3   | Reached skill level 14 in Axes
 10048 | Lair:3   | Found a gate leading to a gauntlet.
 10070 | Gauntlet | Entered a Gauntlet
 10070 | Gauntlet | Found a transporter.
 10070 | Gauntlet | Found a transporter.
 10071 | Gauntlet | Found a transporter.
 10072 | Gauntlet | Found a transporter.
 10075 | Gauntlet | Found a transporter.
 10075 | Gauntlet | Noticed a death ooze
 10076 | Gauntlet | Found a transporter.
 10082 | Gauntlet | Found a transporter.
 10084 | Gauntlet | Found a transporter.
 10085 | Gauntlet | Found a transporter.
 10086 | Gauntlet | Found a transporter.
 10094 | Gauntlet | Found a transporter.
 10094 | Gauntlet | Found a transporter.
 10176 | Gauntlet | Found a runed translucent door.
 10267 | Gauntlet | Killed a death ooze
 10356 | Gauntlet | Got a coiled amber ring
 10368 | Gauntlet | Identified the ring of Thoughtfulness {Ice *Contam rN++
                  | Dex+6} (You found it in a Gauntlet)
 10380 | Gauntlet | Noticed a minotaur
 10404 | Gauntlet | Killed a minotaur
 11264 | Lair:4   | Noticed Snorg
 11387 | Lair:4   | Killed Snorg
 11822 | Lair:5   | Reached skill level 15 in Axes
 11840 | Lair:5   | Reached ****** piety under Makhleb
 11923 | Lair:5   | Found the ring of Shadows {Umbra +Inv Stlth+}
 12325 | Lair:6   | Entered Level 6 of the Lair of Beasts
 12606 | Lair:6   | Paralysed by a hornet for 1 turns
 12656 | Lair:6   | Found a staircase to the Slime Pits.
 12717 | Lair:6   | Paralysed by a hornet for 1 turns
 12764 | Lair:6   | Gained mutation: You resist negative energy. (rN+) [Deep
                  | Dwarf growth]
 12764 | Lair:6   | Reached XP level 14. HP: 75/130 MP: 11/11
 13216 | Lair:6   | Reached skill level 10 in Fighting
 13625 | Orc:2    | Entered Level 2 of the Orcish Mines
 13625 | Orc:2    | Found a staircase to the Elven Halls.
 13760 | Orc:2    | Found a roughly hewn altar of Beogh.
 13930 | Orc:2    | Noticed an Executioner
 14604 | Orc:2    | Paralysed by an orc sorcerer for 5 turns
 14655 | Orc:2    | Found Bin Qia's Magic Scroll Emporium.
 14655 | Orc:2    | Found Temebb's Assorted Antiques.
 14671 | Orc:2    | Found Wuiduoti's Antique Armour Emporium.
 14671 | Orc:2    | Found Iriphiona's General Store.
 14683 | Orc:2    | Bought the -2 hat of the Alchemist {rElec rPois rF+ rC+ rN+
                  | MR+ rMut rCorr} for 1368 gold pieces
 14683 | Orc:2    | Found the -2 hat of the Alchemist {rElec rPois rF+ rC+ rN+
                  | MR+ rMut rCorr}
 14693 | Orc:2    | Bought a scroll of blinking for 127 gold pieces
 14693 | Orc:2    | Bought a scroll of blinking for 127 gold pieces
 14693 | Orc:2    | Bought a scroll of teleportation for 51 gold pieces
 14693 | Orc:2    | Bought a scroll of teleportation for 51 gold pieces
 15145 | D:11     | Noticed Urug
 15154 | D:11     | Killed Urug
 15663 | D:13     | Reached skill level 16 in Axes
 16023 | D:13     | Found a gate to the Vaults.
 16277 | Snake:1  | Entered Level 1 of the Snake Pit
 16471 | Snake:1  | Reached XP level 15. HP: 100/140 MP: 12/12
 16612 | Snake:3  | Noticed Vashnia
 16627 | Snake:3  | Reached skill level 1 in Evocations
 16629 | Snake:3  | Reached skill level 1 in Dodging
 16681 | Snake:3  | Killed Vashnia
 16901 | Snake:4  | Entered Level 4 of the Snake Pit
 17193 | Snake:4  | Reached skill level 5 in Evocations
 17341 | Snake:4  | Noticed a nagaraja
 17343 | Snake:4  | Noticed a nagaraja
 17343 | Snake:4  | Noticed a nagaraja
 17347 | Snake:4  | Killed a nagaraja
 17365 | Snake:4  | Killed a nagaraja
 17365 | Snake:4  | Reached skill level 5 in Dodging
 17366 | Snake:4  | HP: 6/142 [naga warrior/+1 long sword of holy wrath (2)]
 17366 | Snake:4  | Shot with a bolt by a naga sharpshooter

Levels and vault maps discovered:
D:1:      giann_horns, layout_loops_ring, dk_noncrumbling_4
D:2:      layout_basic
D:3:      layout_loops_corners, minmay_misc_feat_diagonals,
          nicolae_dithmenos_shadow_blocks
D:4:      layout_rooms, minmay_temple_entry_proselytizer
D:5:      layout_basic, first_ration, serial_shops, nicolae_shop_trees
D:6:      layout_rooms, serial_shops, shop, uniq_sigmund, uniq_menkaure
D:7:      layout_gridville, serial_shops, nicolae_shop_behind_doors,
          chequers_garden
D:8:      layout_layer_cave, uniq_prince_ribbit1
D:9:      layout_irregular_city, lemuel_crystal_altar, ebering_ghost_xom,
          serial_column_ruins, column_ruins_open_small,
          column_ruins_columns_dead_end, column_ruins_open_small_water,
          column_ruins_open_tiny, column_ruins_open_tiny, serial_shops,
          kennysheep_mini_moat
D:10:     cheibrodos_steamvent, layout_irregular_city, serial_column_ruins,
          column_ruins_temple_hut, column_ruins_hut_pillars,
          column_ruins_open_small, column_ruins_columns_T, column_ruins_grid_1,
          column_ruins_open_tiny, grunt_pizzeria, uniq_harold, uniq_erica
D:11:     cheibrodos_shockbox, layout_long_grid, dpeg_lair_monsters, uniq_urug,
          uniq_grum
D:12:     layout_roguey, orc_david_3, ebering_ghost_gozag
D:13:     layout_basic, david_vaults_2
D:14:     layout_small_grid, tgw_lugonu_bribe
Temple:   nicolae_temple_the_god_donut
Lair:1:   layout_gridlike, nzn_random_ring, grunt_megastairs_3
Lair:2:   layout_layer_cave, elwin_shoals_entry_rooms, ebering_ghost_xom,
          infiniplex_staircase_pool_2
Lair:3:   layout_layer_cave, dummy_snake_entry, gauntlet_entry_generic,
          minmay_lair_oklob_chamber
Lair:4:   layout_big_grid, grunt_megastairs_1, uniq_snorg
Lair:5:   layout_loops_ring, cheibrodos_lair_caveside_slide,
          infiniplex_staircase_pool
Lair:6:   hangedman_lair_tendril_chambers, layout_gridlike,
          dpeg_slime_entry_corner
Snake:1:  layout_honeycomb, basic_altar, st_stairs_14, lemuel_fruit_tree
Snake:2:  layout_rooms, uniq_saint_roka
Snake:3:  nicolae_snake_nest, layout_layer_cave, serial_shops, shop,
          uniq_vashnia
Snake:4:  snake_pit, layout_cave_town, drop_trap, nrook_guardian_serpent_double,
          serial_bayou_shore_b
Orc:1:    layout_diamond_mine, nicolae_orc_bridge_out
Orc:2:    grunt_orc_tribal_feast, layout_caves, basic_altar

Skill      XL: |  1  2  3  4  5  6  7  8  9 10 11 12 13 14 15 |
---------------+----------------------------------------------+-----
Axes           | 3 4 5 6 8 9 11 12 13 15 16 | 16.5
Fighting       | 3 4 5 6 7 8 9 10 11 | 11.4
Armour         | 4 5 6 7 8 9 10 11 12 13 | 13.3
Shields        | 4 5 6 7 8 9 10 11 12 | 12.4
Invocations    | 1 3 5 6 8 9 11 12 13 14 | 14.6
Evocations     | 6 |  6.0
Dodging        | 5 |  5.0

Action                   |  1- 3 |  4- 6 |  7- 9 | 10-12 | 13-15 || total
-------------------------+-------+-------+-------+-------+-------++-------
Melee: War axe           |    61 |   140 |   209 |   639 |  1024 ||  2073
       Hand axe          |       |       |   171 |   114 |       ||   285
       Broad axe         |       |       |       |       |   226 ||   226
Invok: Lesser Servant of |       |       |       |     2 |     9 ||    11
       Greater Servant o |       |       |       |       |     4 ||     4
 Abil: Heal Wounds       |     2 |     7 |    15 |    22 |    29 ||    75
Evoke: Lamp of fire      |       |       |       |     1 |     1 ||     2
       Wand              |       |       |       |       |    11 ||    11
       Phial of floods   |       |       |       |       |     1 ||     1
  Use: Scroll            |       |       |       |    22 |    13 ||    35
       Potion            |       |       |       |     2 |     8 ||    10
 Stab: Distracted        |       |       |       |       |     3 ||     3
  Eat: Chunk             |       |     3 |     8 |    16 |    22 ||    49
       Ration            |       |       |       |     1 |     2 ||     3
Armor: Scale mail        |    20 |    65 |    72 |       |       ||   157
       Ring mail         |       |       |    65 |    65 |       ||   130
       Plate armour      |       |       |       |   179 |   493 ||   672
       Skin              |       |       |       |       |    21 ||    21
Dodge: Dodged            |    21 |    38 |   115 |   242 |   289 ||   705
Block: Shield            |    25 |    90 |   200 |   474 |   907 ||  1696
